Penguins vs Flyers

Created - December 17, 2016 at 10:45

Goals
1 2 3 OT1 SO T
Penguins 2 1 1 0 4 5
Flyers 1 2 1 0 3 4
Shots
1 2 3 OT1 SO T
Penguins 10 8 10 1 7 29
Flyers 8 10 12 4 7 34

1st period

1. Penguins , Matt Hunwick 1 (David Savard, Mike Cammalleri) at 6:07 (PP)
2. Penguins , William Nylander 8 (Matt Hunwick, Connor Hellebuyck) at 13:51
3. Flyers , Shawn Matthias 10 (Andrew MacDonald, Ryan Ellis) at 15:08

Penalties :
Chris VandeVelde (PHI) for Hooking (Minor) at 4:39, Gabriel Bourque (PIT) for Tripping (Minor) at 9:37, Casey Cizikas (PHI) for Hooking (Minor) at 17:36

2nd period

4. Flyers , Joel Ward 12 (Calle Jarnkrok, Ben Hutton) at 1:57 (PP)
5. Penguins , Matt Hunwick 2 (Mike Cammalleri, David Savard) at 6:15
6. Flyers , Andre Burakovsky 9 (Brian Gionta, Marcus Johansson) at 12:48

Penalties :
Brandon Saad (PIT) for High sticking (Minor) at 1:25, Matt Hendricks (PHI) for Tripping (Minor) at 3:29, Ryan Suter (PIT) for Hooking (Minor) at 13:39

3rd period

7. Penguins , Victor Hedman 5 (Alexander Wennberg, Mike Cammalleri) at 7:16 (PP)
8. Flyers , Marcus Johansson 10 (Andre Burakovsky, Jonathan Ericsson) at 8:58

Penalties :
Joel Ward (PHI) for High sticking (Minor) at 1:03, Joel Ward (PHI) for Hooking (Minor) at 5:43, Dmitry Kulikov (PIT) for Tripping (Minor) at 11:17

Overtime #1

No Goal

Penalties :
No Penalty

Shootout

Penalty Shot by Nathan MacKinnon for Penguins - Stopped by Chad Johnson
Penalty Shot by Andre Burakovsky for Flyers - Goal!
Penalty Shot by Mike Cammalleri for Penguins - Goal!
Penalty Shot by Marcus Johansson for Flyers - Stopped by Connor Hellebuyck
Penalty Shot by Alexander Wennberg for Penguins - Stopped by Chad Johnson
Penalty Shot by Joel Ward for Flyers - Shot Misses the Net
Penalty Shot by David Perron for Penguins - Shot Misses the Net
Penalty Shot by Alexander Killorn for Flyers - Stopped by Connor Hellebuyck
Penalty Shot by Jakub Voracek for Penguins - Goal!
Penalty Shot by Matt Hendricks for Flyers - Goal!
Penalty Shot by Brandon Saad for Penguins - Goal!
Penalty Shot by Calle Jarnkrok for Flyers - Goal!
Penalty Shot by Gabriel Landeskog for Penguins - Goal!
Penalty Shot by Brian Gionta for Flyers - Stopped by Connor Hellebuyck

Penalties :
No Penalty

Goalie Stats

Connor Hellebuyck (PIT), 30 saves from 34 shots - (0.882), W, 7-4-0, 65:00 minutes
Chad Johnson (PHI), 25 saves from 29 shots - (0.862), OTL, 7-2-1, 65:00 minutes

Players Stats for Penguins

Player Name              G  A  P  +/- PIM S  H  SB GA TA FO     MP     PP MP  PK MP  
------------------------------------------------------------------------------------
Alexander Wennberg       0  1  1   0  0   4  1  0  0  0  11/21  19:57   3:54   0:00 
Brandon Saad             0  0  0   0  2   2  2  0  0  0  3/3    21:14   3:54   0:28 
David Perron             0  0  0   0  0   0  1  0  0  0  0/0    10:39   0:00   0:00 
David Savard             0  2  2   1  0   0  3  2  0  0  0/0    24:15   3:52   3:56 
Dmitry Kulikov           0  0  0  -2  2   0  2  0  0  0  0/0    13:41   0:00   0:00 
Gabriel Bourque          0  0  0   0  2   0  1  0  0  0  0/2     6:06   0:00   3:14 
Gabriel Landeskog        0  0  0  -1  0   2  4  0  0  0  0/1    24:37   5:04   1:40 
Jakub Voracek            0  0  0  -1  0   5  0  0  0  0  1/1    22:11   5:04   0:00 
Luke Glendening          0  0  0   0  0   0  0  0  0  0  4/13    7:26   0:00   4:33 
Matt Hunwick             2  1  3   1  0   2  2  1  0  0  0/0    23:17   3:52   2:51 
Mike Cammalleri          0  3  3   0  0   3  1  0  0  0  0/5    22:26   3:54   0:00 
Nathan MacKinnon         0  0  0  -1  0   3  0  0  0  0  13/27  22:51   5:04   0:16 
Oliver Bjorkstrand       0  0  0   0  0   1  0  1  0  0  0/0    11:18   0:00   1:07 
Pavel Zacha              0  0  0   0  0   1  0  1  0  0  0/3     4:33   0:00   1:40 
Ryan Suter               0  0  0   0  2   0  1  2  0  0  0/0    26:35   5:06   2:06 
Victor Hedman            1  0  1   0  0   2  0  0  0  0  0/0    28:23   5:06   3:38 
William Nylander         1  0  1   0  0   3  0  0  0  0  7/14   10:11   0:00   0:00 
Xavier Ouellet           0  0  0  -2  0   1  0  0  0  0  0/0    13:47   0:00   0:27 

Players Stats for Flyers

Player Name              G  A  P  +/- PIM S  H  SB GA TA FO     MP     PP MP  PK MP  
------------------------------------------------------------------------------------
Alexander Killorn        0  0  0  -1  0   4  2  0  0  0  1/2    19:53   2:52   0:43 
Andre Burakovsky         1  1  2   1  0   2  1  1  0  0  2/4    18:52   2:52   0:00 
Andrew MacDonald         0  1  1   1  0   0  1  0  0  0  0/0    22:22   0:18   4:00 
Ben Hutton               0  1  1  -1  0   0  2  0  0  0  0/0    20:16   3:02   0:53 
Brian Gionta             0  1  1   1  0   3  0  0  0  0  0/1    18:55   0:00   4:12 
Calle Jarnkrok           0  1  1  -1  0   5  0  1  0  0  12/25  21:28   3:37   1:10 
Casey Cizikas            0  0  0   0  2   6  0  0  0  0  14/20  15:02   2:52   0:37 
Chris VandeVelde         0  0  0   1  2   0  1  1  0  0  1/3     9:18   0:00   4:01 
Damon Severson           0  0  0   1  0   0  0  0  0  0  0/0    19:29   3:09   0:00 
Dan Boyle                0  0  0  -1  0   0  2  1  0  0  0/0    19:42   3:20   4:05 
Joel Ward                1  0  1  -1  4   4  1  0  0  0  2/3    17:59   3:37   0:00 
Jonathan Ericsson        0  1  1   1  0   2  1  1  0  0  0/0    19:18   0:00   4:06 
Kyle Brodziak            0  0  0   1  0   1  0  0  0  0  7/10    9:38   0:00   4:20 
Marcus Johansson         1  1  2   1  0   2  1  0  0  0  11/21  20:26   3:37   0:00 
Matt Hendricks           0  0  0   0  2   2  0  0  0  0  0/0    13:30   0:00   2:53 
Ryan Ellis               0  1  1   1  0   0  1  0  0  0  0/0    20:44   3:09   0:31 
Shawn Matthias           1  0  1   1  0   3  1  0  0  0  1/1    15:56   0:00   0:00 
Tom Gilbert              0  0  0   0  0   0  0  0  0  0  0/0     8:09   0:00   4:21 

3 Stars

1 - Matt Hunwick (PIT)
2 - Andre Burakovsky (PHI)
3 - Marcus Johansson (PHI)

Power Play

Penguins - 2 on 5 Attempt(s) - 40.00%
Flyers - 1 on 4 Attempt(s) - 25.00%

Penalty Kill

Penguins - 3 on 4 Attempt(s) - 75.00% - Score 0 goal in Penalty Kill
Flyers - 3 on 5 Attempt(s) - 60.00% - Score 0 goal in Penalty Kill

Team Stat

Penguins - Hits : 18 - Faceoff Wins : 39 - Blocked Shots : 7 - Penalty Minutes : 8
Flyers - Hits : 14 - Faceoff Wins : 51 - Blocked Shots : 5 - Penalty Minutes : 10

Official

Referees : Ghislain Hebert and Tom Kowal
Linesman : Mark Shewchyk and Mike Cvik

Game Notes

No Game Note

Finance

Level 1 -- Attendance: 6288 (96.74%) -- Ticket Income $641,376
Level 2 -- Attendance: 3538 (70.76%) -- Ticket Income $297,192
Level 3 -- Attendance: 3477 (99.34%) -- Ticket Income $156,465
Level 4 -- Attendance: 2745 (77.61%) -- Ticket Income $32,940
Luxury Box -- Attendance: 963 (96.30%) -- Ticket Income $199,341
Game was played at the Wells Fargo Center.
Total Attendance: 17011 (87.07%)
Total Ticket Income: $1,327,314
Other Income: $199,097
Total Income: $1,526,411

% Time on Ice - Penguins

Lines # - Real PCT - Wanted PCT - Time Play
Normal Forward
1 - 35% - 33% - 15:26
2 - 36% - 33% - 16:03
3 - 23% - 23% - 10:11
4 - 6% - 11% - 2:53
Normal Defense
1 - 38% - 40% - 17:00
2 - 33% - 35% - 14:41
3 - 29% - 25% - 12:52
4 - 0% - 0% - 0:00
PP Forward
1 - 57% - 60% - 5:04
2 - 43% - 40% - 3:54
PP Defense
1 - 57% - 60% - 5:06
2 - 43% - 40% - 3:52
PK Forward
1 - 74% - 60% - 4:49
2 - 26% - 40% - 1:40
PK Defense
1 - 63% - 60% - 4:05
2 - 37% - 40% - 2:24
PK3 Forward
1 - 0% - 60%
2 - 0% - 40%
PK3 Defense
1 - 0% - 60%
2 - 0% - 40%
44 Forward
1 - 0% - 60%
2 - 0% - 40%
44 Defense
1 - 0% - 60%
2 - 0% - 40%
Last Minute Offensive  - 0:00
Last Minute Defensive  - 0:00
Total
Forward - 60:00
Defense - 60:00

% Time on Ice - Flyers

Lines # - Real PCT - Wanted PCT - Time Play
Normal Forward
1 - 32% - 32% - 14:24
2 - 32% - 32% - 14:13
3 - 24% - 24% - 10:38
4 - 12% - 12% - 5:18
Normal Defense
1 - 34% - 33% - 15:10
2 - 34% - 33% - 15:12
3 - 23% - 23% - 10:23
4 - 9% - 11% - 3:48
PP Forward
1 - 56% - 50% - 3:37
2 - 44% - 50% - 2:52
PP Defense
1 - 49% - 55% - 3:09
2 - 51% - 45% - 3:20
PK Forward
1 - 52% - 50% - 4:38
2 - 48% - 50% - 4:20
PK Defense
1 - 51% - 55% - 4:37
2 - 49% - 45% - 4:21
PK3 Forward
1 - 0% - 60%
2 - 0% - 40%
PK3 Defense
1 - 0% - 50%
2 - 0% - 50%
44 Forward
1 - 0% - 50%
2 - 0% - 50%
44 Defense
1 - 0% - 50%
2 - 0% - 50%
Last Minute Offensive  - 0:00
Last Minute Defensive  - 0:00
Total
Forward - 60:00
Defense - 60:00

Play by Play

1st period


0:01 of 1st period - Calle Jarnkrok wins face-off versus Nathan MacKinnon in neutral zone.
1:32 of 1st period - Shot by Brandon Saad.
1:32 of 1st period - Shot Misses the Net.
1:54 of 1st period - Shot by William Nylander.
1:54 of 1st period - Shot Misses the Net.
2:22 of 1st period - Shot by William Nylander.
2:22 of 1st period - Stopped by Chad Johnson with a rebound.
2:42 of 1st period - Shot by Pavel Zacha.
2:42 of 1st period - Shot Misses the Net.
3:00 of 1st period - Shot by Pavel Zacha.
3:00 of 1st period - Stopped by Chad Johnson without a rebound.
3:01 of 1st period - Marcus Johansson wins face-off versus Nathan MacKinnon in Flyers zone.
4:22 of 1st period - Shot by Shawn Matthias.
4:22 of 1st period - Stopped by Connor Hellebuyck without a rebound.
4:23 of 1st period - Kyle Brodziak wins face-off versus William Nylander in Penguins zone.
4:39 of 1st period - Minor Penalty to Chris VandeVelde for Hooking.
4:40 of 1st period - Kyle Brodziak wins face-off versus Nathan MacKinnon in Flyers zone.
5:01 of 1st period - Matt Hendricks is hit by Gabriel Landeskog and loses puck.
5:14 of 1st period - Shot by Ryan Suter.
5:14 of 1st period - Shot Misses the Net.
5:16 of 1st period - Shot by Victor Hedman.
5:16 of 1st period - Stopped by Chad Johnson with a rebound.
5:18 of 1st period - Shot by Ryan Suter.
5:18 of 1st period - Shot Blocked by Dan Boyle.
5:53 of 1st period - Shot by Brian Gionta.
5:53 of 1st period - Stopped by Connor Hellebuyck without a rebound.
5:54 of 1st period - Alexander Wennberg wins face-off versus Casey Cizikas in Penguins zone.
6:05 of 1st period - Shot by David Savard.
6:05 of 1st period - Shot Misses the Net.
6:07 of 1st period - Shot by Matt Hunwick.
6:07 of 1st period - Goal by Matt Hunwick - Penguins : 1 - Flyers : 0.
6:08 of 1st period - William Nylander wins face-off versus Marcus Johansson in neutral zone.
7:03 of 1st period - Icing by Andre Burakovsky.
7:04 of 1st period - Alexander Wennberg wins face-off versus Marcus Johansson in Flyers zone.
7:05 of 1st period - Shot by Brandon Saad.
7:05 of 1st period - Stopped by Chad Johnson without a rebound.
7:06 of 1st period - Brandon Saad wins face-off versus Casey Cizikas in Flyers zone.
7:07 of 1st period - Shot by Alexander Wennberg.
7:07 of 1st period - Stopped by Chad Johnson with a rebound.
7:17 of 1st period - Matt Hendricks is hit by Brandon Saad and loses puck.
7:23 of 1st period - Off-side.
7:24 of 1st period - Nathan MacKinnon wins face-off versus Alexander Killorn in neutral zone.
7:33 of 1st period - Gabriel Landeskog is hit by Alexander Killorn and loses puck.
7:38 of 1st period - Shot by Calle Jarnkrok.
7:38 of 1st period - Deflect By Alexander Killorn.
7:38 of 1st period - Shot Misses the Net.
7:40 of 1st period - Shot by Calle Jarnkrok.
7:40 of 1st period - Stopped by Connor Hellebuyck without a rebound.
7:41 of 1st period - Casey Cizikas wins face-off versus Alexander Wennberg in Penguins zone.
7:52 of 1st period - Shot by Matt Hendricks.
7:52 of 1st period - Stopped by Connor Hellebuyck without a rebound.
7:53 of 1st period - Kyle Brodziak wins face-off versus Nathan MacKinnon in Penguins zone.
7:53 of 1st period - Kyle Brodziak is hit by Matt Hunwick.
9:10 of 1st period - Brandon Saad is hit by Ben Hutton.
9:37 of 1st period - Minor Penalty to Gabriel Bourque for Tripping.
9:38 of 1st period - Luke Glendening wins face-off versus Calle Jarnkrok in Penguins zone.
9:47 of 1st period - Shot by Marcus Johansson.
9:47 of 1st period - Shot Blocked by David Savard.
9:56 of 1st period - Off-side.
9:57 of 1st period - Luke Glendening wins face-off versus Casey Cizikas in neutral zone.
11:16 of 1st period - Shot by Brandon Saad.
11:16 of 1st period - Stopped by Chad Johnson without a rebound.
11:17 of 1st period - Joel Ward wins face-off versus Pavel Zacha in Flyers zone.
11:17 of 1st period - Joel Ward is hit by Gabriel Landeskog.
11:28 of 1st period - Shot by Calle Jarnkrok.
11:28 of 1st period - Shot Blocked by David Savard.
11:30 of 1st period - Shot by Calle Jarnkrok.
11:30 of 1st period - Stopped by Connor Hellebuyck without a rebound.
11:31 of 1st period - Calle Jarnkrok wins face-off versus Luke Glendening in Penguins zone.
11:49 of 1st period - Shot by Brian Gionta.
11:49 of 1st period - Shot Misses the Net.
13:51 of 1st period - Shot by William Nylander.
13:51 of 1st period - Goal by William Nylander - Penguins : 2 - Flyers : 0.
13:52 of 1st period - Calle Jarnkrok wins face-off versus Luke Glendening in neutral zone.
13:55 of 1st period - Shot by Joel Ward.
13:55 of 1st period - Stopped by Connor Hellebuyck without a rebound.
13:56 of 1st period - Calle Jarnkrok wins face-off versus Gabriel Bourque in Penguins zone.
13:56 of 1st period - Calle Jarnkrok is hit by David Savard.
14:00 of 1st period - Shot by Joel Ward.
14:00 of 1st period - Shot Blocked by Pavel Zacha.
15:08 of 1st period - Shot by Shawn Matthias.
15:08 of 1st period - Goal by Shawn Matthias - Penguins : 2 - Flyers : 1.
15:09 of 1st period - William Nylander wins face-off versus Andre Burakovsky in neutral zone.
15:30 of 1st period - David Perron is hit by Andre Burakovsky and loses puck.
15:43 of 1st period - Shot by William Nylander.
15:43 of 1st period - Shot Misses the Net.
16:05 of 1st period - Shot by Gabriel Landeskog.
16:05 of 1st period - Stopped by Chad Johnson with a rebound.
16:17 of 1st period - Shot by Gabriel Landeskog.
16:17 of 1st period - Shot Misses the Net.
16:37 of 1st period - Shot by Gabriel Landeskog.
16:37 of 1st period - Shot Misses the Net.
16:39 of 1st period - Shot by Nathan MacKinnon.
16:39 of 1st period - Stopped by Chad Johnson with a rebound.
17:36 of 1st period - Minor Penalty to Casey Cizikas for Hooking.
17:37 of 1st period - Kyle Brodziak wins face-off versus Nathan MacKinnon in Flyers zone.
18:50 of 1st period - Off-side.
18:51 of 1st period - Nathan MacKinnon wins face-off versus Chris VandeVelde in neutral zone.
19:46 of 1st period - Shot by Calle Jarnkrok.
19:46 of 1st period - Shot Blocked by Oliver Bjorkstrand.
19:48 of 1st period - Shot by Joel Ward.
19:48 of 1st period - Stopped by Connor Hellebuyck with a rebound.
Goals for this period are 2 for Penguins vs 1 for Flyers.
Shots for this period are 10 for Penguins vs 8 for Flyers.

2nd period


0:01 of 2nd period - Casey Cizikas wins face-off versus Nathan MacKinnon in neutral zone.
0:15 of 2nd period - Icing by Ryan Suter.
0:16 of 2nd period - Andre Burakovsky wins face-off versus Nathan MacKinnon in Penguins zone.
0:21 of 2nd period - Shot by Andre Burakovsky.
0:21 of 2nd period - Shot Misses the Net.
0:38 of 2nd period - Ryan Suter is hit by Jonathan Ericsson and loses puck.
0:47 of 2nd period - Shot by Jakub Voracek.
0:47 of 2nd period - Stopped by Chad Johnson with a rebound.
0:53 of 2nd period - Shot by Jakub Voracek.
0:53 of 2nd period - Shot Misses the Net.
0:55 of 2nd period - Shot by Victor Hedman.
0:55 of 2nd period - Deflect By Jakub Voracek.
0:55 of 2nd period - Stopped by Chad Johnson without a rebound.
0:56 of 2nd period - Casey Cizikas wins face-off versus Alexander Wennberg in Flyers zone.
0:56 of 2nd period - Casey Cizikas is hit by Brandon Saad.
0:59 of 2nd period - Ryan Ellis is hit by Mike Cammalleri.
1:25 of 2nd period - Minor Penalty to Brandon Saad for High sticking.
1:26 of 2nd period - Luke Glendening wins face-off versus Calle Jarnkrok in Penguins zone.
1:55 of 2nd period - Shot by Ben Hutton.
1:55 of 2nd period - Shot Blocked by Matt Hunwick.
1:57 of 2nd period - Shot by Calle Jarnkrok.
1:57 of 2nd period - Deflect By Joel Ward.
1:57 of 2nd period - Goal by Joel Ward - Penguins : 2 - Flyers : 2.
1:58 of 2nd period - Alexander Wennberg wins face-off versus Casey Cizikas in neutral zone.
2:16 of 2nd period - Icing by Casey Cizikas.
2:17 of 2nd period - Nathan MacKinnon wins face-off versus Casey Cizikas in Flyers zone.
2:17 of 2nd period - Jakub Voracek is hit by Ryan Ellis and loses puck.
2:26 of 2nd period - Shot by Casey Cizikas.
2:26 of 2nd period - Stopped by Connor Hellebuyck without a rebound.
2:27 of 2nd period - Calle Jarnkrok wins face-off versus William Nylander in Penguins zone.
2:56 of 2nd period - Shot by Alexander Killorn.
2:56 of 2nd period - Stopped by Connor Hellebuyck without a rebound.
2:57 of 2nd period - Marcus Johansson wins face-off versus Nathan MacKinnon in Penguins zone.
3:06 of 2nd period - Shot by Andre Burakovsky.
3:06 of 2nd period - Stopped by Connor Hellebuyck without a rebound.
3:07 of 2nd period - Casey Cizikas wins face-off versus Alexander Wennberg in Penguins zone.
3:29 of 2nd period - Minor Penalty to Matt Hendricks for Tripping.
3:30 of 2nd period - Nathan MacKinnon wins face-off versus Chris VandeVelde in Flyers zone.
3:56 of 2nd period - Shot by Ryan Suter.
3:56 of 2nd period - Shot Misses the Net.
5:46 of 2nd period - Icing by Xavier Ouellet.
5:47 of 2nd period - Marcus Johansson wins face-off versus William Nylander in Penguins zone.
5:48 of 2nd period - Shot by Jonathan Ericsson.
5:48 of 2nd period - Stopped by Connor Hellebuyck without a rebound.
5:49 of 2nd period - Luke Glendening wins face-off versus Calle Jarnkrok in Penguins zone.
5:53 of 2nd period - Off-side.
5:54 of 2nd period - Nathan MacKinnon wins face-off versus Calle Jarnkrok in neutral zone.
6:03 of 2nd period - Shot by Calle Jarnkrok.
6:03 of 2nd period - Shot Misses the Net.
6:05 of 2nd period - Shot by Calle Jarnkrok.
6:05 of 2nd period - Shot Blocked by Ryan Suter.
6:07 of 2nd period - Shot by Jonathan Ericsson.
6:07 of 2nd period - Stopped by Connor Hellebuyck without a rebound.
6:08 of 2nd period - Alexander Wennberg wins face-off versus Marcus Johansson in Penguins zone.
6:12 of 2nd period - Mike Cammalleri is hit by Dan Boyle and loses puck.
6:15 of 2nd period - Shot by Matt Hunwick.
6:15 of 2nd period - Goal by Matt Hunwick - Penguins : 3 - Flyers : 2.
6:16 of 2nd period - Alexander Killorn wins face-off versus Nathan MacKinnon in neutral zone.
6:28 of 2nd period - Shot by Nathan MacKinnon.
6:28 of 2nd period - Stopped by Chad Johnson with a rebound.
6:48 of 2nd period - Shot by Victor Hedman.
6:48 of 2nd period - Shot Blocked by Jonathan Ericsson.
7:25 of 2nd period - Shot by Mike Cammalleri.
7:25 of 2nd period - Stopped by Chad Johnson with a rebound.
7:29 of 2nd period - Shot by Mike Cammalleri.
7:29 of 2nd period - Stopped by Chad Johnson with a rebound.
7:45 of 2nd period - Shot by Alexander Wennberg.
7:45 of 2nd period - Stopped by Chad Johnson without a rebound.
7:46 of 2nd period - Marcus Johansson wins face-off versus William Nylander in Flyers zone.
9:15 of 2nd period - Icing by Shawn Matthias.
9:16 of 2nd period - Alexander Wennberg wins face-off versus Casey Cizikas in Flyers zone.
9:20 of 2nd period - Mike Cammalleri is hit by Andrew MacDonald.
9:59 of 2nd period - Off-side.
10:00 of 2nd period - Nathan MacKinnon wins face-off versus Calle Jarnkrok in neutral zone.
10:56 of 2nd period - Off-side.
10:57 of 2nd period - Kyle Brodziak wins face-off versus Mike Cammalleri in neutral zone.
10:57 of 2nd period - Kyle Brodziak is hit by Alexander Wennberg.
11:45 of 2nd period - David Savard is hit by Chris VandeVelde and loses puck.
12:32 of 2nd period - Shot by David Perron.
12:32 of 2nd period - Shot Blocked by Andre Burakovsky.
12:48 of 2nd period - Shot by Brian Gionta.
12:48 of 2nd period - Deflect By Andre Burakovsky.
12:48 of 2nd period - Goal by Andre Burakovsky - Penguins : 3 - Flyers : 3.
12:49 of 2nd period - Joel Ward wins face-off versus Nathan MacKinnon in neutral zone.
13:18 of 2nd period - Icing by Alexander Killorn.
13:19 of 2nd period - Calle Jarnkrok wins face-off versus Luke Glendening in Flyers zone.
13:30 of 2nd period - Shot by Alexander Killorn.
13:30 of 2nd period - Stopped by Connor Hellebuyck without a rebound.
13:31 of 2nd period - Alexander Wennberg wins face-off versus Marcus Johansson in Penguins zone.
13:36 of 2nd period - Off-side.
13:37 of 2nd period - Marcus Johansson wins face-off versus Alexander Wennberg in neutral zone.
13:39 of 2nd period - Minor Penalty to Ryan Suter for Hooking.
13:40 of 2nd period - Casey Cizikas wins face-off versus Luke Glendening in Penguins zone.
13:43 of 2nd period - Shot by Ryan Ellis.
13:43 of 2nd period - Shot Misses the Net.
14:16 of 2nd period - Shot by Casey Cizikas.
14:16 of 2nd period - Shot Misses the Net.
15:07 of 2nd period - Off-side.
15:08 of 2nd period - Calle Jarnkrok wins face-off versus Pavel Zacha in neutral zone.
15:49 of 2nd period - Alexander Wennberg is hit by Shawn Matthias.
15:54 of 2nd period - Icing by Dmitry Kulikov.
15:55 of 2nd period - Shawn Matthias wins face-off versus Alexander Wennberg in Penguins zone.
16:05 of 2nd period - Off-side.
16:06 of 2nd period - Nathan MacKinnon wins face-off versus Kyle Brodziak in neutral zone.
16:12 of 2nd period - Damon Severson is hit by Dmitry Kulikov.
16:30 of 2nd period - Shot by Kyle Brodziak.
16:30 of 2nd period - Stopped by Connor Hellebuyck without a rebound.
16:31 of 2nd period - Brandon Saad wins face-off versus Marcus Johansson in Penguins zone.
16:38 of 2nd period - Shot by Brandon Saad.
16:38 of 2nd period - Deflect By Alexander Wennberg.
16:38 of 2nd period - Stopped by Chad Johnson without a rebound.
16:39 of 2nd period - Alexander Wennberg wins face-off versus Marcus Johansson in Flyers zone.
16:47 of 2nd period - Icing by Andrew MacDonald.
16:48 of 2nd period - Marcus Johansson wins face-off versus Nathan MacKinnon in Flyers zone.
17:11 of 2nd period - Shot by Nathan MacKinnon.
17:11 of 2nd period - Deflect By Gabriel Landeskog.
17:11 of 2nd period - Shot Misses the Net.
18:16 of 2nd period - Shot by Casey Cizikas.
18:16 of 2nd period - Shot Blocked by Ryan Suter.
18:18 of 2nd period - Shot by Matt Hendricks.
18:18 of 2nd period - Shot Misses the Net.
18:20 of 2nd period - Shot by Casey Cizikas.
18:20 of 2nd period - Shot Misses the Net.
18:39 of 2nd period - Off-side.
18:40 of 2nd period - Alexander Wennberg wins face-off versus Calle Jarnkrok in neutral zone.
18:52 of 2nd period - Shot by Joel Ward.
18:52 of 2nd period - Shot Misses the Net.
18:54 of 2nd period - Shot by Calle Jarnkrok.
18:54 of 2nd period - Shot Misses the Net.
18:56 of 2nd period - Shot by Joel Ward.
18:56 of 2nd period - Stopped by Connor Hellebuyck without a rebound.
18:57 of 2nd period - William Nylander wins face-off versus Marcus Johansson in Penguins zone.
19:24 of 2nd period - William Nylander is hit by Marcus Johansson.
19:33 of 2nd period - Icing by William Nylander.
19:34 of 2nd period - William Nylander wins face-off versus Calle Jarnkrok in Penguins zone.
19:45 of 2nd period - Jonathan Ericsson is hit by David Perron.
19:49 of 2nd period - Xavier Ouellet is hit by Joel Ward and loses puck.
Goals for this period are 1 for Penguins vs 2 for Flyers.
Shots for this period are 8 for Penguins vs 10 for Flyers.

3rd period


0:01 of 3rd period - Casey Cizikas wins face-off versus Alexander Wennberg in neutral zone.
0:19 of 3rd period - Icing by Casey Cizikas.
0:20 of 3rd period - Casey Cizikas wins face-off versus Luke Glendening in Flyers zone.
0:20 of 3rd period - Casey Cizikas is hit by Gabriel Bourque.
0:29 of 3rd period - Ryan Suter is hit by Dan Boyle and loses puck.
1:03 of 3rd period - Minor Penalty to Joel Ward for High sticking.
1:04 of 3rd period - Chris VandeVelde wins face-off versus Nathan MacKinnon in Flyers zone.
1:04 of 3rd period - Chris VandeVelde is hit by Gabriel Landeskog.
1:28 of 3rd period - Shot by Gabriel Landeskog.
1:28 of 3rd period - Deflect By Jakub Voracek.
1:28 of 3rd period - Stopped by Chad Johnson without a rebound.
1:29 of 3rd period - Kyle Brodziak wins face-off versus Alexander Wennberg in Flyers zone.
1:42 of 3rd period - Shot by Victor Hedman.
1:42 of 3rd period - Shot Blocked by Chris VandeVelde.
3:04 of 3rd period - Shot by Oliver Bjorkstrand.
3:04 of 3rd period - Stopped by Chad Johnson without a rebound.
3:05 of 3rd period - William Nylander wins face-off versus Calle Jarnkrok in Flyers zone.
3:10 of 3rd period - Shot by Oliver Bjorkstrand.
3:10 of 3rd period - Shot Misses the Net.
3:32 of 3rd period - Shot by Calle Jarnkrok.
3:32 of 3rd period - Stopped by Connor Hellebuyck with a rebound.
5:02 of 3rd period - Shot by Brian Gionta.
5:02 of 3rd period - Stopped by Connor Hellebuyck without a rebound.
5:03 of 3rd period - Nathan MacKinnon wins face-off versus Joel Ward in Penguins zone.
5:07 of 3rd period - Jakub Voracek is hit by Ben Hutton and loses puck.
5:36 of 3rd period - Shot by Calle Jarnkrok.
5:36 of 3rd period - Deflect By Joel Ward.
5:36 of 3rd period - Shot Misses the Net.
5:43 of 3rd period - Minor Penalty to Joel Ward for Hooking.
5:44 of 3rd period - Alexander Wennberg wins face-off versus Kyle Brodziak in Flyers zone.
7:12 of 3rd period - Shot by Victor Hedman.
7:12 of 3rd period - Deflect By Alexander Wennberg.
7:12 of 3rd period - Shot Misses the Net.
7:14 of 3rd period - Shot by Victor Hedman.
7:14 of 3rd period - Shot Misses the Net.
7:16 of 3rd period - Shot by Victor Hedman.
7:16 of 3rd period - Goal by Victor Hedman - Penguins : 4 - Flyers : 3.
7:17 of 3rd period - Calle Jarnkrok wins face-off versus Luke Glendening in neutral zone.
7:22 of 3rd period - Dmitry Kulikov is hit by Alexander Killorn.
7:30 of 3rd period - Shot by Calle Jarnkrok.
7:30 of 3rd period - Stopped by Connor Hellebuyck without a rebound.
7:31 of 3rd period - Casey Cizikas wins face-off versus William Nylander in Penguins zone.
7:41 of 3rd period - Shot by Shawn Matthias.
7:41 of 3rd period - Deflect By Matt Hendricks.
7:41 of 3rd period - Stopped by Connor Hellebuyck with a rebound.
8:08 of 3rd period - Shot by Matt Hendricks.
8:08 of 3rd period - Shot Misses the Net.
8:10 of 3rd period - Shot by Shawn Matthias.
8:10 of 3rd period - Stopped by Connor Hellebuyck without a rebound.
8:11 of 3rd period - Marcus Johansson wins face-off versus Gabriel Landeskog in Penguins zone.
8:24 of 3rd period - Shot by Gabriel Landeskog.
8:24 of 3rd period - Stopped by Chad Johnson without a rebound.
8:25 of 3rd period - Alexander Wennberg wins face-off versus Calle Jarnkrok in Flyers zone.
8:40 of 3rd period - Shot by Mike Cammalleri.
8:40 of 3rd period - Stopped by Chad Johnson without a rebound.
8:41 of 3rd period - Marcus Johansson wins face-off versus Nathan MacKinnon in Flyers zone.
8:49 of 3rd period - Marcus Johansson is hit by David Savard and loses puck.
8:56 of 3rd period - Shot by Marcus Johansson.
8:56 of 3rd period - Shot Misses the Net.
8:58 of 3rd period - Shot by Andre Burakovsky.
8:58 of 3rd period - Deflect By Marcus Johansson.
8:58 of 3rd period - Goal by Marcus Johansson - Penguins : 4 - Flyers : 4.
8:59 of 3rd period - Alexander Wennberg wins face-off versus Calle Jarnkrok in neutral zone.
9:13 of 3rd period - Off-side.
9:14 of 3rd period - Nathan MacKinnon wins face-off versus Brian Gionta in neutral zone.
9:26 of 3rd period - Icing by Marcus Johansson.
9:27 of 3rd period - Marcus Johansson wins face-off versus Alexander Wennberg in Flyers zone.
9:42 of 3rd period - Shot by Andre Burakovsky.
9:42 of 3rd period - Shot Misses the Net.
10:45 of 3rd period - Shot by Gabriel Landeskog.
10:45 of 3rd period - Shot Blocked by Calle Jarnkrok.
10:47 of 3rd period - Shot by Matt Hunwick.
10:47 of 3rd period - Shot Misses the Net.
10:53 of 3rd period - Shot by Jakub Voracek.
10:53 of 3rd period - Stopped by Chad Johnson with a rebound.
11:07 of 3rd period - Shot by Nathan MacKinnon.
11:07 of 3rd period - Stopped by Chad Johnson without a rebound.
11:08 of 3rd period - Casey Cizikas wins face-off versus William Nylander in Flyers zone.
11:10 of 3rd period - Icing by Ben Hutton.
11:11 of 3rd period - Casey Cizikas wins face-off versus Gabriel Bourque in Flyers zone.
11:17 of 3rd period - Minor Penalty to Dmitry Kulikov for Tripping.
11:18 of 3rd period - Andre Burakovsky wins face-off versus Luke Glendening in Penguins zone.
11:19 of 3rd period - Shot by Casey Cizikas.
11:19 of 3rd period - Stopped by Connor Hellebuyck without a rebound.
11:20 of 3rd period - Casey Cizikas wins face-off versus Luke Glendening in Penguins zone.
11:20 of 3rd period - Casey Cizikas is hit by Ryan Suter.
11:58 of 3rd period - Shot by Andre Burakovsky.
11:58 of 3rd period - Shot Misses the Net.
12:00 of 3rd period - Shot by Ryan Ellis.
12:00 of 3rd period - Shot Misses the Net.
12:11 of 3rd period - Icing by Marcus Johansson.
12:12 of 3rd period - Calle Jarnkrok wins face-off versus Pavel Zacha in Flyers zone.
12:12 of 3rd period - Calle Jarnkrok is hit by Gabriel Landeskog.
12:26 of 3rd period - Icing by Marcus Johansson.
12:27 of 3rd period - Marcus Johansson wins face-off versus Luke Glendening in Flyers zone.
13:48 of 3rd period - Shot by Alexander Wennberg.
13:48 of 3rd period - Shot Misses the Net.
14:08 of 3rd period - Icing by Ryan Ellis.
14:09 of 3rd period - Kyle Brodziak wins face-off versus Nathan MacKinnon in Flyers zone.
14:11 of 3rd period - Icing by Ryan Ellis.
14:12 of 3rd period - Nathan MacKinnon wins face-off versus Kyle Brodziak in Flyers zone.
15:05 of 3rd period - Shot by Brian Gionta.
15:05 of 3rd period - Stopped by Connor Hellebuyck without a rebound.
15:06 of 3rd period - Calle Jarnkrok wins face-off versus Alexander Wennberg in Penguins zone.
15:28 of 3rd period - Icing by Victor Hedman.
15:29 of 3rd period - Casey Cizikas wins face-off versus Mike Cammalleri in Penguins zone.
15:32 of 3rd period - Shot by Matt Hendricks.
15:32 of 3rd period - Shot Misses the Net.
15:34 of 3rd period - Shot by Casey Cizikas.
15:34 of 3rd period - Shot Hit the Post.
15:36 of 3rd period - Shot by Casey Cizikas.
15:36 of 3rd period - Stopped by Connor Hellebuyck without a rebound.
15:37 of 3rd period - Marcus Johansson wins face-off versus William Nylander in Penguins zone.
15:45 of 3rd period - Brian Gionta is hit by Dmitry Kulikov and loses puck.
15:48 of 3rd period - Shot by Marcus Johansson.
15:48 of 3rd period - Stopped by Connor Hellebuyck without a rebound.
15:49 of 3rd period - Casey Cizikas wins face-off versus Alexander Wennberg in Penguins zone.
16:02 of 3rd period - Ben Hutton is hit by David Savard and loses puck.
16:29 of 3rd period - Shot by Casey Cizikas.
16:29 of 3rd period - Stopped by Connor Hellebuyck without a rebound.
16:30 of 3rd period - Nathan MacKinnon wins face-off versus Marcus Johansson in Penguins zone.
16:46 of 3rd period - Icing by Jonathan Ericsson.
16:47 of 3rd period - William Nylander wins face-off versus Andre Burakovsky in Flyers zone.
16:50 of 3rd period - Shot by David Perron.
16:50 of 3rd period - Deflect By William Nylander.
16:50 of 3rd period - Stopped by Chad Johnson without a rebound.
16:51 of 3rd period - William Nylander wins face-off versus Calle Jarnkrok in Flyers zone.
16:56 of 3rd period - Shot by William Nylander.
16:56 of 3rd period - Shot Misses the Net.
17:06 of 3rd period - Shot by Alexander Killorn.
17:06 of 3rd period - Stopped by Connor Hellebuyck with a rebound.
18:15 of 3rd period - Brian Gionta is hit by Matt Hunwick.
18:35 of 3rd period - Shot by Alexander Wennberg.
18:35 of 3rd period - Stopped by Chad Johnson with a rebound.
19:11 of 3rd period - Shot by Jakub Voracek.
19:11 of 3rd period - Shot Misses the Net.
19:15 of 3rd period - Shot by Gabriel Landeskog.
19:15 of 3rd period - Shot Misses the Net.
19:17 of 3rd period - Shot by Dmitry Kulikov.
19:17 of 3rd period - Shot Misses the Net.
19:19 of 3rd period - Shot by Xavier Ouellet.
19:19 of 3rd period - Stopped by Chad Johnson with a rebound.
19:33 of 3rd period - Shot by Gabriel Landeskog.
19:33 of 3rd period - Shot Misses the Net.
19:39 of 3rd period - Shot by Nathan MacKinnon.
19:39 of 3rd period - Shot Misses the Net.
Goals for this period are 1 for Penguins vs 1 for Flyers.
Shots for this period are 10 for Penguins vs 12 for Flyers.

Overtime #1


0:01 of 1st overtime period - Nathan MacKinnon wins face-off versus Calle Jarnkrok in neutral zone.
0:08 of 1st overtime period - Shot by Mike Cammalleri.
0:08 of 1st overtime period - Shot Misses the Net.
0:11 of 1st overtime period - Icing by Andrew MacDonald.
0:12 of 1st overtime period - Calle Jarnkrok wins face-off versus Mike Cammalleri in Flyers zone.
1:18 of 1st overtime period - Shot by Alexander Killorn.
1:18 of 1st overtime period - Stopped by Connor Hellebuyck with a rebound.
2:16 of 1st overtime period - Shot by Casey Cizikas.
2:16 of 1st overtime period - Stopped by Connor Hellebuyck without a rebound.
2:17 of 1st overtime period - Calle Jarnkrok wins face-off versus Mike Cammalleri in Penguins zone.
2:26 of 1st overtime period - Shot by Calle Jarnkrok.
2:26 of 1st overtime period - Shot Misses the Net.
2:28 of 1st overtime period - Shot by Calle Jarnkrok.
2:28 of 1st overtime period - Stopped by Connor Hellebuyck without a rebound.
2:29 of 1st overtime period - Brandon Saad wins face-off versus Marcus Johansson in Penguins zone.
3:44 of 1st overtime period - Shot by Calle Jarnkrok.
3:44 of 1st overtime period - Shot Misses the Net.
4:07 of 1st overtime period - Icing by David Savard.
4:08 of 1st overtime period - Jakub Voracek wins face-off versus Marcus Johansson in Penguins zone.
4:26 of 1st overtime period - Shot by Jakub Voracek.
4:26 of 1st overtime period - Stopped by Chad Johnson without a rebound.
4:27 of 1st overtime period - Casey Cizikas wins face-off versus Mike Cammalleri in Flyers zone.
4:48 of 1st overtime period - Shot by Casey Cizikas.
4:48 of 1st overtime period - Shot Misses the Net.
4:52 of 1st overtime period - Shot by Casey Cizikas.
4:52 of 1st overtime period - Stopped by Connor Hellebuyck without a rebound.
4:53 of 1st overtime period - Nathan MacKinnon wins face-off versus Calle Jarnkrok in Penguins zone.
Goals for this period are 0 for Penguins vs 0 for Flyers.
Shots for this period are 1 for Penguins vs 4 for Flyers.

ShootOut


5:00 of 1st overtime period - Penalty Shot by Nathan MacKinnon for Penguins.
5:00 of 1st overtime period - Stopped by Chad Johnson.
5:00 of 1st overtime period - Penalty Shot by Andre Burakovsky for Flyers.
5:00 of 1st overtime period - Goal by Andre Burakovsky.
5:00 of 1st overtime period - Penalty Shot by Mike Cammalleri for Penguins.
5:00 of 1st overtime period - Goal by Mike Cammalleri.
5:00 of 1st overtime period - Penalty Shot by Marcus Johansson for Flyers.
5:00 of 1st overtime period - Stopped by Connor Hellebuyck.
5:00 of 1st overtime period - Penalty Shot by Alexander Wennberg for Penguins.
5:00 of 1st overtime period - Stopped by Chad Johnson.
5:00 of 1st overtime period - Penalty Shot by Joel Ward for Flyers.
5:00 of 1st overtime period - Shot Misses the Net.
5:00 of 1st overtime period - Penalty Shot by David Perron for Penguins.
5:00 of 1st overtime period - Shot Misses the Net.
5:00 of 1st overtime period - Penalty Shot by Alexander Killorn for Flyers.
5:00 of 1st overtime period - Stopped by Connor Hellebuyck.
5:00 of 1st overtime period - Penalty Shot by Jakub Voracek for Penguins.
5:00 of 1st overtime period - Goal by Jakub Voracek.
5:00 of 1st overtime period - Penalty Shot by Matt Hendricks for Flyers.
5:00 of 1st overtime period - Goal by Matt Hendricks.
5:00 of 1st overtime period - Penalty Shot by Brandon Saad for Penguins.
5:00 of 1st overtime period - Goal by Brandon Saad.
5:00 of 1st overtime period - Penalty Shot by Calle Jarnkrok for Flyers.
5:00 of 1st overtime period - Goal by Calle Jarnkrok.
5:00 of 1st overtime period - Penalty Shot by Gabriel Landeskog for Penguins.
5:00 of 1st overtime period - Goal by Gabriel Landeskog.
5:00 of 1st overtime period - Penalty Shot by Brian Gionta for Flyers.
5:00 of 1st overtime period - Stopped by Connor Hellebuyck.